 Dungeon Crawl Stone Soup version 0.21-a0-71-g5e5ddd2 (webtiles) character file.

44 xgamer67 the Chopper (level 3, 0/19 HPs)
             Began as a Vine Stalker Berserker on June 20, 2017.
             Was a Follower of Trog.
             Succumbed to an adder's poison
             ... on level 4 of the Dungeon.
             The game lasted 00:03:04 (419 turns).

xgamer67 the Chopper (Vine Stalker Berserker)        Turns: 419, Time: 00:03:04

Health: 0/19       AC:  5    Str: 25    XL:     3   Next: 60%
Magic:  3/3        EV: 11    Int:  7    God:    Trog [*.....]
Gold:   80         SH:  0    Dex: 13    Spells: 2/2 levels left

rFire    . . .     SeeInvis .   a - +0 hand axe
rCold    . . .     Gourm    .   (no shield)
rNeg     . . .     Faith    .   e - +0 ring mail
rPois    +         Spirit   +   (no helmet)
rElec    .         Reflect  .   (no cloak)
rCorr    .         Harm     .   (no gloves)
MR       .....                  (no boots)
Stlth    +.........             (no amulet)
HPRegen  0.06/turn              (no ring)
MPRegen  0.08/turn              (no ring)

@: mighty, lethally poisoned (0 -> -3), berserk cooldown, slowed, very slow
A: fangs 2, deterioration 1, low mp 1, poison resistance, magic shield,
antimagic bite, no potion heal 3, rot immunity
a: Berserk, Burn Spellbooks, Renounce Religion


You were on level 4 of the Dungeon.
You worshipped Trog.
Trog was aware of your devotion.
You were not hungry.

You visited 1 branch of the dungeon, and saw 4 of its levels.

You collected 80 gold pieces.

Inventory:

Hand Weapons
 a - a +0 hand axe (weapon)
Armour
 e - a +0 ring mail (worn)
Scrolls
 b - 2 scrolls of remove curse {unknown}
 d - a scroll of fog {unknown}
 f - 2 scrolls of identify {unknown}
 i - a scroll of amnesia {unknown}
 k - a scroll of fear {unknown}
Comestibles
 c - 3 bread rations
 g - a chunk of flesh


   Skills:
 - Level 2.6 Fighting
 + Level 4.0 Axes
 - Level 1.5 Armour
 - Level 1.5 Dodging


You had 2 spell levels left.
You didn't know any spells.

Dungeon Overview and Level Annotations

Branches:
Dungeon (4/15)
 Temple: D:4-7

Altars:
Cheibriados


Innate Abilities, Weirdness & Mutations

You have extremely sharp teeth.
When hurt, damage is shared between your health and your magic reserves.
Your bite disrupts and absorbs the magic of your enemies.
Potions cannot restore your health.
You are immune to rotting.
Your body sometimes deteriorates upon taking damage.
Your magical capacity is low. (-10% MP)
Your system is resistant to poisons. (rPois)


Message History

Your system rejects the healing.
You feel invigorated.
* * * LOW HITPOINT WARNING * * *
You feel sick.
Some of the chunks of flesh in your inventory have rotted away.
It was a potion of might.
You feel very mighty all of a sudden.
h - a murky brown potion
* * * LOW HITPOINT WARNING * * *
You feel sick.
You bump into the rock wall.
* * * LOW HITPOINT WARNING * * *
You feel sick.
It was a potion of heal wounds.
That seemed strangely inert.
You feel less invigorated.
You feel less confused.
* * * LOW HITPOINT WARNING * * *
You feel sick.
You enter the shallow water.
Moving in this stuff is going to be slow.
You die...

......# ...## .....# #
....## .....####. .....#
....#......#####.....
.......#...........#
.....######.....#### ##
...#...#..#.....#..#..####
..## ..#..#.###.#..#......
..# .....โ‰ˆ. #..@......#
.## ....#########....## ##
.....โ‰ˆ..#..โ‰ˆ.....# #
..# .#.###.#..#..#
#####..# #.....#..#.....
.....######.....#### #....
.......#...........# ....
......รท....#####..... ..?
.......##### .#### #.


There were no monsters in sight!

Vanquished Creatures
  2 adders
  A worm (D:3)
  A leopard gecko (D:2)
  A bat (D:3)
  A goblin (D:3)
  3 hobgoblins (D:1)
  A quokka (D:4)
  A ball python (D:1)
  4 frilled lizards
  5 kobolds
  A quokka skeleton (D:4)
  3 rats
24 creatures vanquished.

Notes
Turn   | Place    | Note
-------+----------+-------------------------------------------
     0 | D:1      | xgamer67 the Vine Stalker Berserker began the quest for the Orb.
     0 | D:1      | Reached XP level 1. HP: 11/11 MP: 2/2
    64 | D:1      | Reached skill level 3 in Axes
   105 | D:1      | Reached XP level 2. HP: 9/16 MP: 3/3
   195 | D:2      | Found a faded altar of an unknown god.
   203 | D:2      | Reached XP level 3. HP: 14/19 MP: 4/4
   342 | D:4      | Found a snail-covered altar of Cheibriados.
   399 | D:4      | Reached skill level 4 in Axes
   409 | D:4      | Gained mutation: Your body sometimes deteriorates upon taking damage. [potion of mutation]
   409 | D:4      | Gained mutation: Your magical capacity is low. (-10% MP) [potion of mutation]
   409 | D:4      | Gained mutation: Your system is resistant to poisons. (rPois) [potion of mutation]
   419 | D:4      | Succumbed to an adder's poison

Vault maps used:
D:1:      nicolae_arrival_washed_ashore
D:2:      old_standard_altar, minitemple, nicolae_overflow_hidden_temple,
          chequers_ecumenical_altar_island, serial_forest,
          infiniplex_forest_lined_3, infiniplex_forest_end_2,
          infiniplex_forest_lined_2, infiniplex_forest_clump_C,
          infiniplex_forest_clump_curved, infiniplex_forest_diagonal,
          infiniplex_forest_side_room, minmay_octomino_c4
D:3:      grunt_temple_overflow_champion_of_chaos, lemuel_statue_altar,
          uniq_jessica
D:4:      hangedman_ru_absence, kennysheep_mini, nicolae_ossuary_entry_plus,
          doesnt_xom_only_xom

Skill      XL: |  1  2  3 |
---------------+----------+-----
Axes           | 3 4 |  4.0
Fighting       | |  2.6
Armour         | |  1.5
Dodging        | |  1.5

Action                   || total
-------------------------++-------
Melee: Hand axe          ||    59
       Bite              ||    12
Invok: Berserk           ||     3
  Use: Potion            ||     4
  Eat: Chunk             ||     1
Armor: Ring mail         ||    19
Dodge: Dodged            ||    25
